 Dungeon Crawl Stone Soup version 0.17-a0-1184-gb75be8f (webtiles) character file.

23 Fluffy the Slasher (level 2, -3/23 HPs)
             Began as a Demonspawn Gladiator on June 1, 2015.
             Slain by a worm (7 damage)
             ... on level 2 of the Dungeon.
             The game lasted 00:02:42 (724 turns).

Fluffy the Slasher (Demonspawn Gladiator)            Turns: 724, Time: 00:02:42

Health: -3/23      AC:  9    Str: 15    XL:     2   Next: 72%
Magic:  2/2        EV:  7    Int:  9    God:
Gold:   22         SH:  0    Dex: 13    Spells: 0 memorised, 1 level left

rFire  . . .     SeeInvis .     a - +0 long sword
rCold  . . .     Clarity  .     r - +0 chain mail
rNeg   + . .     SustAt   .     (no shield)
rPois  .         Gourm    .     c - +0 helmet
rElec  .         Spirit   .     (no cloak)
rCorr  .         Warding  +     (no gloves)
rMut   .         Stasis   .     (no boots)
MR     .....                    q - amulet of warding
Stlth  ..........               (no ring)
                                (no ring)

@: not resistant to hostile enchantments, extremely unstealthy
A: hooves 1
a: no special abilities


You were on level 2 of the Dungeon.
You were not hungry.

You visited 1 branch of the dungeon, and saw 2 of its levels.

You collected 22 gold pieces.

Inventory:

Hand weapons
 a - a +0 long sword (weapon)
Missiles
 d - 3 throwing nets (quivered)
Armour
 c - a +0 helmet (worn)
 r - a +0 chain mail (worn)
Jewellery
 g - an uncursed amulet of faith
 q - an amulet of warding (around neck)
Scrolls
 b - a scroll of identify {unknown}
 f - a scroll of teleportation {unknown}
 i - a scroll of recharging {unknown}
 k - a scroll of blinking {unknown}
 o - a scroll of remove curse {unknown}
Potions
 h - a potion of cancellation {unknown}
 j - a potion of invisibility {unknown}
 l - a potion of haste {unknown}
 n - a potion of might {unknown}
 p - a potion of heal wounds {unknown}
Comestibles
 e - a bread ration
 m - a beef jerky


   Skills:
 + Level 2.5 Fighting
 + Level 3.0 Long Blades
 - Level 1.7 Throwing
 + Level 0.8 Armour
 + Level 2.8 Dodging


You had one spell level left.
You didn't know any spells.

Dungeon Overview and Level Annotations

Branches:
Dungeon (2/15)

Altars:


Innate Abilities, Weirdness & Mutations

You have large cloven feet.


Message History

You barely miss the worm.
The worm is moderately wounded.
The bat hits you but does no damage. x2
The bat barely misses you.
You hit the worm.
The worm is heavily wounded.
The bat hits you but does no damage. The worm bites you.
* * * LOW HITPOINT WARNING * * *
You are too injured to fight recklessly!
You are too injured to fight recklessly!
Your chain mail prevents you from hitting the worm.
You kick the worm, but do no damage.
The worm is heavily wounded.
The bat hits you but does no damage. The worm bites you but does no damage.
You hit the worm. You kick the worm, but do no damage.
The worm is severely wounded.
The bat closely misses you. The bat hits you.
* * * LOW HITPOINT WARNING * * *
The worm bites you!
You die...

.....#..#.........##
....#....#.....?...#
..#..##..#........#
#...##...#.......## ........
#....... #....# .....#
#.#####..#.#####.#r#
#..........b@.....# ###
#..#....##.##w###.#######....
#...⌠.........# #...........#
#..#..#...$##.###...........#
.....................##....#.#
##..[.......##.......##.###...
#########..##............. .#
#........<..##.###
#..##..........#


You could see a worm, a bat and a rat (wandering).

Vanquished Creatures
  A ball python (D:1)
  A giant cockroach (D:1)
  5 goblins
  3 hobgoblins
  2 kobolds (D:1)
  6 bats
  2 rats (D:1)
20 creatures vanquished.

Notes
Turn   | Place    | Note
--------------------------------------------------------------
     0 | D:1      | Fluffy the Demonspawn Gladiator began the quest for the Orb.
     0 | D:1      | Reached XP level 1. HP: 16/16 MP: 1/1
   186 | D:1      | Gained mutation: You have large cloven feet. [demonic ancestry]
   186 | D:1      | Reached XP level 2. HP: 22/22 MP: 2/2
   638 | D:2      | Reached skill level 3 in Long Blades
   724 | D:2      | Slain by a worm

Vault maps used:
D:1:      lightli_arrival_boilingwater, minivault_4, grunt_decor_one_mirror,
          kennysheep_crisscross
D:2:      grunt_temple_overflow_open, st_stairs_4, minivault_26,
          hangedman_decor_slide_cut, hangedman_feature_mirror

Action                   || total
-------------------------++-------
Melee: Long sword        ||    97
